 Dungeon Crawl Stone Soup version 0.21.0-24-g2553a3340b (webtiles) character file.

53 GordonOverkill the Sneak (level 3, 0/33 HPs)
             Began as a Demigod Assassin on Jan 19, 2018.
             Slain by an orc priest
             ... wielding a +0 flail
              (3 damage)
             ... on level 1 of the Dungeon.
             The game lasted 00:02:02 (1360 turns).

GordonOverkill the Sneak (Demigod Assassin)         Turns: 1360, Time: 00:02:03

Health: 0/33       AC:  8    Str: 16    XL:     3   Next: 41%
Magic:  5/5        EV:  9    Int: 15    God:
Gold:   94         SH:  0    Dex: 17    Spells: 2/2 levels left

rFire    . . .     SeeInvis .   a - +2 dagger
rCold    . . .     Gourm    .   (no shield)
rNeg     . . .     Faith    .   l - +0 scale mail
rPois    .         Spirit   .   (no helmet)
rElec    .         Reflect  .   d - +0 cloak
rCorr    .         Harm     .   c - +0 pair of gloves
MR       .....                  (no boots)
Stlth    +.........             (no amulet)
HPRegen  0.11/turn              (no ring)
MPRegen  0.09/turn              (no ring)

@: no status effects
A: high mp 1
a: no special abilities


You were on level 1 of the Dungeon.
You were not hungry.

You visited 1 branch of the dungeon, and saw 2 of its levels.

You collected 94 gold pieces.

Inventory:

Hand Weapons
 a - a +2 dagger (weapon)
 b - a +0 blowgun
Missiles
 e - 12 poisoned needles
 f - 2 curare-tipped needles
Armour
 c - a +0 pair of gloves (worn)
 d - a +0 cloak (worn)
 l - a +0 scale mail (worn)
Jewellery
 s - an uncursed ring of fire
Scrolls
 j - 2 scrolls of identify {unknown}
 m - a scroll of magic mapping {unknown}
 o - a scroll of enchant armour {unknown}
 p - a scroll of teleportation {unknown}
Potions
 h - 2 potions of agility {unknown}
 i - a potion of might {unknown}
 k - a potion of lignification {unknown}
 q - 2 potions of ambrosia {unknown}
 r - 3 potions of haste {unknown}
 t - a potion of invisibility {unknown}
Comestibles
 g - 6 rations


   Skills:
 + Level 3.6 Fighting
 - Level 1.7 Short Blades
 - Level 1.7 Throwing
 - Level 1.0 Dodging
 - Level 3.6 Stealth


You had 2 spell levels left.
You didn't know any spells.

Dungeon Overview and Level Annotations

Branches:
Dungeon (2/15)


Innate Abilities, Weirdness & Mutations

You have an increased reservoir of magic. (+10% MP)


Message History

The orc priest hits you but does no damage.
You climb upwards.
There is a stone staircase leading down here.
You see here a +0 ring mail.
You can't go up here!
You hit the orc priest but do no damage.
The orc priest hits you with a flail.
You hit the orc priest.
The orc priest is moderately wounded.
You closely miss the orc priest.
The orc priest is moderately wounded.
The orc priest hits you with a flail!
* * * LOW HITPOINT WARNING * * *
You hit the orc priest.
The orc priest is heavily wounded.
The orc priest barely misses you.
You hit the orc priest but do no damage.
The orc priest is heavily wounded.
The orc priest hits you with a flail.
You die...

#####.....#
#.##.#
.....######
#.##.#
###......#
#.##.# #....).#
#..#.# #......#
##.#.# ##'#####
#...# #)######
##.(# #......#
#..# #......#
##@# #......#
#o#
#......######.#
#...........#.#
##.....####.#.#
#........#.#.#
#......#.#.#.#
######.#.#.#.#
#.#...#.#


You could see an orc priest.

Vanquished Creatures
  An adder (D:2)
  A worm (D:2)
  2 dart slugs (D:1)
  2 leopard geckos
  2 orcs (D:2)
  2 ball pythons (D:1)
  A bat (D:1)
  A giant cockroach (D:2)
  5 goblins (D:1)
  4 hobgoblins (D:1)
  2 jackals (D:1)
  4 frilled lizards (D:1)
  2 kobolds (D:1)
  2 rats (D:1)
31 creatures vanquished.

Notes
Turn   | Place    | Note
-------+----------+-------------------------------------------
     0 | D:1      | GordonOverkill the Demigod Assassin began the quest for the Orb.
     0 | D:1      | Reached XP level 1. HP: 17/17 MP: 3/3
    11 | D:1      | Reached skill level 1 in Dodging
   469 | D:1      | Reached XP level 2. HP: 25/25 MP: 4/4
   908 | D:2      | Found a blossoming altar of Fedhas.
   940 | D:2      | Reached XP level 3. HP: 31/31 MP: 5/5
  1360 | D:1      | Slain by an orc priest

Skill      XL: |  1  2 |
---------------+-------+-----
Dodging        | 1 |  1.0
Fighting       | 2 3 |  3.6
Short Blades   | |  1.7
Throwing       | |  1.7
Stealth        | |  3.6

Action                   || total
-------------------------++-------
Melee: Dagger            ||   108
 Stab: Sleeping          ||     6
  Eat: Chunk             ||     1
Armor: Ring mail         ||    46
       Robe              ||     1
       Scale mail        ||     1
Dodge: Dodged            ||    68
